AoeStats
← ggeatom

Arabian Desert

509941477Analyzed
1v1 RM · 3d ago on Sep 28, 2026· 35m 7s· 2 players
Game mode
Random Map
Map size
Tiny (2 player)
Population
200
Speed
Normal
Resources
Standard
Victory
Conquest
Starting age
Dark Age
Ending age
Imperial Age
RankedLock teamsTeams togetherTeam positionsShared explorationLock speedFull tech treeHidden civsTurbo modeCheats
Victory
Defeat
🇲🇽 Slavs · Mexico
1226
+15
🇬🇧 Hindustanis · United Kingdom
1205
-15
Beaker
5:53 Loom
8:52 Feudal Age
9:35 Man-at-Arms
14:47 Wheelbarrow
21:46 Castle Age
20:13 Double-Bit Axe
21:50 Fletching
24:19 Bodkin Arrow
24:59 Bow Saw
27:45 Ballistics
30:19 Town Watch
31:36 Scale Barding Armor
33:18 Bloodlines
33:09 Husbandry
ggeatom
7:00 Loom
9:38 Feudal Age
9:48 Man-at-Arms
10:14 Double-Bit Axe
22:08 Castle Age
20:51 Forging
20:46 Horse Collar
23:54 Bow Saw
24:22 Wheelbarrow
24:12 Scale Barding Armor
28:46 Scale Mail Armor
30:14 Town Watch
30:20 Pikeman
31:00 Squires
33:03 Chain Mail Armor
Connection lost

Rejoining the realm…

Still unreachable

The connection could not be restored.

Session expired

The server has moved on; the page needs a fresh start.